Map: Blackburn LE

Players

Lambo - Winner!

  • Race: Zerg Zerg
  • League: Grandmaster

Serral

  • Race: Zerg Zerg
  • League: Master

Event: DreamHack SC2 Masters 2021 Summer

VOD

Have the link to the VOD?

Description

Time

  • Played on: June 5, 2021, 11:01 a.m.
  • Length: 7:15

All games in this series

Show
View Real Time Build Order
Export as new Build Order

Lambo Zerg - Winner!

Build Orders: Hatch First 

Get SALT Encoding   

  12  0:00  Drone  
  13  0:13  Overlord  
  13  0:18  Drone  
  14  0:31  Drone x2  
  16  0:36  Drone  
  17  0:52  Hatchery  
  17  0:54  Drone  
  17  0:58  Drone  
  18  1:08  Extractor  
  17  1:12  Spawning Pool  
  17  1:16  Drone  
  17  1:19  Drone  
  18  1:28  Drone  
  19  1:39  Drone  
  20  1:59  Queen  
  22  2:04  Queen  
  22  2:05  Drone x2  
  26  2:08  Metabolic Boost  
  26  2:13  Overlord  
  26  2:18  Drone  
  26  2:20  Zergling x2  
  28  2:33  Drone  
  28  2:34  Drone  
  30  2:39  Hatchery  
  30  2:43  Overlord  
  29  2:49  Drone, Baneling Nest  
  29  2:55  Drone  
  29  2:56  Zergling x2  
  29  2:58  Drone  
  32  2:59  Zergling x2  
  32  3:04  Queen  
  35  3:12  Overlord, Drone  
  36  3:13  Zergling x4  
  36  3:17  Zergling x2  
  36  3:18  Zergling x2  
  40  3:23  Drone x2  
  40  3:24  Overlord  
  42  3:35  Baneling  
  42  3:36  Baneling  
  42  3:37  Drone x2  
  42  3:38  Drone  
  42  3:40  Lair  
  42  3:41  Extractor, Drone  
  45  3:44  Zergling x2  
  45  3:48  Drone, Evolution Chamber  
  46  3:49  Drone  
  46  3:53  Drone x2  
  49  3:58  Drone x2  
  49  4:00  Extractor  
  49  4:02  Roach Warren  
  49  4:04  Drone  
  49  4:06  Drone  
  49  4:07  Extractor  
  50  4:11  Drone x2  
  52  4:19  Zerg Missile Weapons Level 1  
  52  4:21  Drone x3  
  52  4:23  Drone x3  
  58  4:30  Drone  
  60  4:31  Overlord, Drone  
  60  4:33  Baneling  
  60  4:35  Baneling  
  60  4:38  Zergling x4  
  60  4:39  Zergling x4  
  63  4:56  Glial Reconstitution  
  63  4:58  Overlord  
  63  5:01  Overlord x2  
  63  5:02  Roach x5  
  73  5:08  Overlord  
  73  5:14  Overlord  
  73  5:16  Overlord  
  73  5:17  Overlord  
  73  5:25  Roach x5  
  83  5:31  Roach x3  
  89  5:38  Roach x4  
  89  5:41  Overlord  
  97  5:44  Roach  
  97  5:47  Roach x2  
  103  5:51  Roach x2  
  103  5:54  Roach  
  103  5:55  Roach  
  109  5:57  Overlord  
  109  5:59  Roach  
  109  6:03  Ravager  
  109  6:04  Ravager x2  
  114  6:06  Roach x2  
  114  6:08  Roach  
  120  6:12  Roach x2  
  120  6:15  Roach  
  120  6:17  Roach  
  128  6:19  Roach  
  128  6:22  Roach x2  
  128  6:24  Roach  
  136  6:27  Roach  
  136  6:29  Roach  
  136  6:30  Roach  
  136  6:32  Roach  
  143  6:41  Roach x2  
  143  6:44  Roach x2  
  131  6:47  Roach x3  
  131  6:50  Roach x2  
  131  6:53  Roach  
  131  6:55  Roach  
Show
View Real Time Build Order
Export as new Build Order

Serral Zerg 

Build Orders: Hatch First 

Get SALT Encoding   

  12  0:00  Drone  
  13  0:12  Overlord  
  13  0:17  Drone  
  14  0:30  Drone x2  
  16  0:47  Hatchery  
  15  0:51  Drone  
  15  0:54  Drone  
  17  0:57  Drone  
  18  1:08  Extractor  
  17  1:13  Spawning Pool  
  17  1:16  Drone  
  17  1:20  Drone  
  18  1:28  Drone  
  19  1:40  Drone  
  20  1:54  Drone  
  20  1:59  Queen  
  20  2:00  Zergling x2, Queen  
  26  2:01  Overlord  
  26  2:11  Metabolic Boost, Drone  
  26  2:12  Drone  
  28  2:21  Drone x2  
  30  2:34  Hatchery  
  29  2:38  Drone  
  29  2:40  Drone  
  31  2:45  Baneling Nest  
  30  2:51  Overlord  
  30  2:53  Zergling x2  
  30  2:54  Drone  
  30  2:57  Drone  
  33  3:04  Zergling x2  
  33  3:06  Queen  
  33  3:11  Drone x2  
  37  3:14  Drone  
  37  3:17  Zergling x4  
  40  3:21  Zergling x4  
  42  3:27  Overlord  
  42  3:28  Drone  
  42  3:31  Evolution Chamber  
  42  3:32  Baneling  
  42  3:40  Drone  
  43  3:48  Zergling x2  
  44  3:49  Drone x3  
  44  3:52  Drone  
  44  3:55  Baneling x2  
  48  3:56  Roach Warren  
  48  3:58  Zergling x4  
  48  4:00  Drone x2  
  51  4:03  Zerg Missile Weapons Level 1  
  51  4:06  Drone  
  53  4:10  Drone x2  
  53  4:11  Extractor  
  53  4:14  Overlord  
  53  4:17  Drone  
  53  4:18  Drone  
  53  4:19  Baneling  
  53  4:20  Baneling  
  53  4:21  Extractor  
  53  4:23  Overlord  
  54  4:26  Drone  
  54  4:30  Overlord  
  54  4:33  Drone x3  
  54  4:35  Drone  
  54  4:36  Drone  
  59  4:44  Drone x4  
  60  4:54  Lair  
  60  4:55  Zergling x2  
  60  4:56  Drone x2  
  60  4:57  Drone  
  60  4:58  Drone x2  
  66  5:00  Extractor, Drone  
  66  5:06  Drone  
  67  5:07  Drone x2  
  67  5:11  Overlord  
  69  5:19  Drone x2  
  71  5:22  Drone x2  
  71  5:24  Roach x4  
  71  5:25  Extractor  
  80  5:29  Roach  
  80  5:31  Overlord x2  
  80  5:34  Overlord  
  81  5:40  Extractor  
  81  5:41  Roach x4  
  89  5:44  Spine Crawler  
  89  5:46  Spine Crawler  
  89  5:47  Baneling x4  
  89  5:48  Roach  
  89  5:53  Roach x3  
  89  5:56  Baneling x3  
  95  5:59  Roach x2  
  95  6:02  Extractor, Overlord  
  95  6:04  Overseer, Overlord  
  98  6:08  Roach x2  
  102  6:15  Overlord  
  102  6:16  Roach x3  
  108  6:20  Roach x2  
  108  6:23  Overlord  
  108  6:24  Overlord  
  112  6:29  Roach  
  112  6:30  Roach x2  
  112  6:32  Roach  
  120  6:39  Roach  
  120  6:45  Roach  
  120  6:46  Roach x5  
  116  6:51  Roach x2  
  116  6:52  Roach  
  116  6:53  Roach  
  114  6:55  Roach  
Tags
 
Add a new tag
Caveats
  • Supply blocks, unpowered buildings, or Contaminate may cause inaccurate times.
  • Supply counts are checked every 10 seconds.